[ AOE2 MATCH · #478604001 ]
UnrankedPersians vs Tupi
[ REPLAY ANALYSIS · EXTRACTED FROM THE RECORDED GAME ]
Feudal
8:52
Castle
23:42
Imperial
43:47
| APM avg | 43.8 |
| APM peak | 112 |
| eAPM avg | 14.7 |
| Villagers / military | 113 / 187 |
Focus
⚔️ 35.3% · 🌾 64.7%
Scout Cavalry ×103 · Knight ×84
Feudal
8:54
Castle
18:09
Imperial
31:47
| APM avg | 59.2 |
| APM peak | 124 |
| eAPM avg | 28.4 |
| Villagers / military | 158 / 316 |
Focus
⚔️ 47.9% · 🌾 52.1%
Monaspa ×264 · Spearman ×35 · Knight ×8 · Trebuchet (Packed) ×4 · Monk ×3 · Scout Cavalry ×2
Feudal
8:01
Castle
23:31
Imperial
39:13
| APM avg | 38.7 |
| APM peak | 60 |
| eAPM avg | 20.3 |
| Villagers / military | 142 / 9 |
Focus
⚔️ 34.7% · 🌾 65.3%
Unknown (2579) ×87 · Battering Ram ×6 · Trebuchet (Packed) ×3
Feudal
9:16
Castle
22:08
Imperial
44:23
| APM avg | 51.9 |
| APM peak | 114 |
| eAPM avg | 21.7 |
| Villagers / military | 111 / 106 |
Focus
⚔️ 32.2% · 🌾 67.8%
Archer ×38 · Skirmisher ×35 · Rattan Archer ×27 · Battering Ram ×3 · Mangonel ×2 · Militia ×1
Feudal
9:16
Castle
20:56
Imperial
36:24
| APM avg | 28.9 |
| APM peak | 61 |
| eAPM avg | 18.7 |
| Villagers / military | 188 / 107 |
Focus
⚔️ 32.9% · 🌾 67.1%
Mangudai ×104 · Trade Cart ×25 · Mangonel ×3
Feudal
9:17
Castle
21:10
Imperial
30:30
| APM avg | 39.4 |
| APM peak | 71 |
| eAPM avg | 23.6 |
| Villagers / military | 127 / 147 |
Focus
⚔️ 30.7% · 🌾 69.3%
Eagle Scout ×98 · Monk ×19 · Skirmisher ×15 · Militia ×5 · Trebuchet (Packed) ×4 · Battering Ram ×3
Feudal
8:25
Castle
22:11
Imperial
40:23
| APM avg | 37.6 |
| APM peak | 70 |
| eAPM avg | 16.4 |
| Villagers / military | 137 / 144 |
Focus
⚔️ 32.5% · 🌾 67.5%
Knight ×123 · Scout Cavalry ×9 · Trebuchet (Packed) ×8 · Spearman ×4
Feudal
10:56
Castle
14:31
Imperial
31:51
| APM avg | 51.7 |
| APM peak | 104 |
| eAPM avg | 28.6 |
| Villagers / military | 301 / 252 |
Focus
⚔️ 24.2% · 🌾 75.8%
Knight ×189 · Trade Cart ×44 · Scout Cavalry ×37 · Missionary ×21 · Conquistador ×3 · Mangonel ×2
Match map
Initial resources + every placement click. Lines = walls · curves = elevation contours. ◆ gold · ⬟ stone · ● berries · ✦ relic · ◌ wall gap
Your base· ✓ Closed at 23:42 · 0t walls · 5 gate(s)
RBase96's base· ✓ Closed at 18:09 · 1t walls · 2 gate(s)
Mapache's base· ✓ Closed at 23:31 · 43t walls · 3 gate(s)
Jondrin1992's base· Open — 4t gap
wackadoodle's base· Open — unwalled flank
Lorhey's base· ✓ Closed at 21:10 · 31t walls · 2 gate(s)
HSL | KIRA's base· ✓ Closed at 22:11 · 29t walls · 4 gate(s)
shn_07's base· Open — unwalled flank
Smoothed initial terrain · ◌ = detected wall gap · hover for details
Inputs per minute
— RoonTheEternal - - RBase96
Build order — RoonTheEternal
First 150 of 331 actions detected
| 0:02 | Create | Villager (Male) ×5 |
| 0:03 | Build | House |
| 0:05 | Build | House |
| 1:52 | Create | Villager (Male) |
| 2:09 | Build | Lumber Camp |
| 2:19 | Create | Villager (Male) |
| 2:38 | Create | Villager (Male) |
| 2:38 | Create | Villager (Male) |
| 2:38 | Create | Villager (Male) |
| 3:22 | Create | Villager (Male) |
| 3:29 | Build | House |
| 3:45 | Create | Villager (Male) |
| 4:04 | Build | Mill |
| 4:08 | Create | Villager (Male) |
| 4:22 | Create | Villager (Male) |
| 4:58 | Create | Villager (Male) |
| 5:26 | Research | Loom |
| 5:54 | Create | Villager (Male) |
| 6:48 | Research | Feudal Age |
| 6:58 | Build | Barracks |
| 7:28 | Build | House |
| 8:34 | Create | Villager (Male) |
| 8:52 | Age | Feudal Age |
| 8:53 | Build | Stable |
| 8:57 | Create | Villager (Male) |
| 9:00 | Research | Double-Bit Axe |
| 9:29 | Create | Scout Cavalry |
| 9:33 | Build | Blacksmith |
| 9:45 | Create | Scout Cavalry |
| 10:06 | Create | Scout Cavalry |
| 10:12 | Build | House |
| 10:14 | Build | House |
| 10:41 | Create | Scout Cavalry |
| 11:04 | Create | Villager (Male) |
| 11:14 | Create | Scout Cavalry |
| 11:31 | Build | House |
| 11:32 | Build | House |
| 11:37 | Build | Farm |
| 11:38 | Build | Farm |
| 11:38 | Build | Farm |
| 11:47 | Create | Villager (Male) |
| 12:23 | Create | Villager (Male) |
| 12:41 | Create | Scout Cavalry |
| 12:44 | Create | Villager (Male) |
| 12:48 | Build | Farm |
| 12:53 | Build | Mining Camp |
| 12:58 | Build | House |
| 13:04 | Create | Villager (Male) |
| 13:13 | Create | Villager (Male) |
| 13:17 | Build | Farm |
| 13:45 | Create | Villager (Male) |
| 13:50 | Build | Farm |
| 14:07 | Build | Palisade Gate |
| 14:18 | Create | Scout Cavalry |
| 14:20 | Create | Villager (Male) |
| 14:22 | Build | Farm |
| 14:27 | Build | Farm |
| 14:29 | Build | Farm |
| 14:33 | Build | Farm |
| 14:46 | Create | Villager (Male) |
| 14:49 | Build | Farm |
| 15:12 | Build | Market |
| 15:20 | Create | Villager (Male) |
| 15:25 | Create | Scout Cavalry |
| 15:27 | Build | Farm |
| 15:29 | Build | Farm |
| 15:57 | Create | Villager (Male) |
| 15:59 | Create | Scout Cavalry |
| 16:19 | Create | Villager (Male) |
| 16:30 | Research | Scale Barding Armor |
| 16:32 | Create | Scout Cavalry |
| 16:41 | Create | Scout Cavalry |
| 16:48 | Build | Farm |
| 17:14 | Research | Bloodlines |
| 17:16 | Create | Villager (Male) |
| 17:27 | Build | Farm |
| 17:35 | Build | Farm |
| 17:35 | Build | Farm |
| 17:36 | Build | Farm |
| 17:36 | Build | Farm |
| 17:36 | Build | Farm |
| 17:38 | Build | Farm |
| 17:39 | Build | Farm |
| 17:49 | Create | Scout Cavalry |
| 18:06 | Create | Villager (Male) |
| 18:10 | Build | Lumber Camp |
| 18:29 | Research | Horse Collar |
| 18:40 | Create | Scout Cavalry |
| 18:42 | Create | Villager (Male) |
| 18:43 | Create | Villager (Male) |
| 18:47 | Build | Farm |
| 19:04 | Create | Scout Cavalry |
| 19:08 | Create | Villager (Male) |
| 19:39 | Create | Villager (Male) |
| 19:40 | Create | Scout Cavalry |
| 20:13 | Create | Scout Cavalry |
| 20:20 | Build | House |
| 20:21 | Build | House |
| 20:22 | Build | House |
| 20:38 | Create | Villager (Male) |
| 20:50 | Create | Villager (Male) |
| 20:51 | Build | Farm |
| 20:55 | Build | Farm |
| 21:15 | Research | Castle Age |
| 21:24 | Create | Scout Cavalry |
| 21:30 | Build | Stable |
| 21:45 | Research | Forging |
| 22:07 | Create | Scout Cavalry |
| 22:23 | Build | Farm |
| 22:39 | Create | Scout Cavalry |
| 22:46 | Build | Gate |
| 22:48 | Build | House |
| 22:49 | Build | House |
| 22:55 | Create | Scout Cavalry |
| 22:59 | Research | Wheelbarrow |
| 23:03 | Create | Villager (Male) |
| 23:19 | Build | House |
| 23:21 | Build | House |
| 23:22 | Build | House |
| 23:29 | Create | Scout Cavalry |
| 23:42 | Age | Castle Age |
| 23:44 | Research | Light Cavalry (upgrade) |
| 23:57 | Research | Chain Barding Armor |
| 24:19 | Create | Villager (Male) |
| 24:31 | Create | Knight |
| 24:54 | Research | Husbandry |
| 24:56 | Create | Villager (Male) |
| 25:21 | Create | Knight |
| 25:33 | Create | Villager (Male) |
| 25:36 | Create | Scout Cavalry |
| 25:41 | Research | Gold Mining |
| 25:43 | Create | Scout Cavalry |
| 26:05 | Create | Knight |
| 26:18 | Create | Villager (Male) |
| 26:20 | Create | Villager (Male) |
| 26:24 | Create | Knight |
| 26:28 | Create | Scout Cavalry |
| 26:46 | Build | House |
| 26:47 | Build | House |
| 26:47 | Build | House |
| 26:49 | Build | House |
| 26:51 | Build | House |
| 26:56 | Create | Knight |
| 27:02 | Research | Iron Casting |
| 27:30 | Create | Knight |
| 27:30 | Create | Knight |
| 27:44 | Create | Villager (Male) |
| 27:44 | Create | Villager (Male) |
| 27:54 | Create | Knight |
| 28:00 | Research | Gold Shaft Mining |
Build order — RBase96
First 150 of 697 actions detected
| 0:01 | Create | Villager (Male) |
| 0:01 | Create | Villager (Male) |
| 0:01 | Create | Villager (Male) |
| 0:04 | Build | House |
| 0:05 | Build | House |
| 0:10 | Create | Villager (Male) |
| 1:28 | Create | Villager (Male) |
| 2:01 | Create | Villager (Male) |
| 2:17 | Create | Villager (Male) |
| 2:48 | Create | Villager (Male) |
| 3:12 | Create | Villager (Male) |
| 3:13 | Create | Villager (Male) |
| 3:29 | Create | Villager (Male) |
| 3:48 | Build | House |
| 3:51 | Create | Villager (Male) |
| 3:51 | Create | Villager (Male) |
| 4:17 | Build | Mill |
| 4:36 | Create | Villager (Male) |
| 4:39 | Create | Villager (Male) |
| 5:04 | Create | Villager (Male) |
| 5:15 | Create | Villager (Male) |
| 5:55 | Create | Villager (Male) |
| 6:19 | Create | Villager (Male) |
| 6:39 | Research | Feudal Age |
| 7:22 | Build | House |
| 8:01 | Build | Barracks |
| 8:11 | Create | Villager (Male) |
| 8:37 | Build | Palisade Wall |
| 8:54 | Age | Feudal Age |
| 8:57 | Create | Villager (Male) |
| 9:00 | Build | Stable |
| 9:11 | Create | Villager (Male) |
| 9:13 | Build | House |
| 9:43 | Create | Villager (Male) |
| 9:49 | Research | Double-Bit Axe |
| 9:56 | Create | Scout Cavalry |
| 9:56 | Create | Scout Cavalry |
| 10:02 | Create | Villager (Male) |
| 10:24 | Create | Villager (Male) |
| 10:29 | Build | House |
| 10:35 | Research | Horse Collar |
| 10:48 | Create | Villager (Male) |
| 11:13 | Create | Villager (Male) |
| 11:16 | Build | Farm |
| 11:21 | Create | Villager (Male) |
| 11:23 | Build | Farm |
| 11:24 | Build | Farm |
| 11:27 | Build | Farm |
| 11:27 | Build | Farm |
| 11:27 | Build | Farm |
| 11:27 | Build | Farm |
| 11:28 | Build | Farm |
| 11:28 | Build | Farm |
| 11:52 | Create | Villager (Male) |
| 11:54 | Build | Farm |
| 11:58 | Create | Villager (Male) |
| 12:01 | Build | Farm |
| 12:14 | Create | Villager (Male) |
| 12:16 | Build | Farm |
| 12:25 | Build | Farm |
| 12:32 | Create | Villager (Male) |
| 12:47 | Build | Farm |
| 12:58 | Create | Villager (Male) |
| 13:11 | Build | Farm |
| 13:18 | Build | Mule Cart |
| 13:25 | Build | House |
| 13:32 | Create | Villager (Male) |
| 13:37 | Build | Farm |
| 13:58 | Create | Villager (Male) |
| 13:59 | Research | Loom |
| 14:11 | Build | Blacksmith |
| 14:46 | Create | Villager (Male) |
| 15:29 | Research | Castle Age |
| 15:48 | Research | Gold Mining |
| 15:52 | Build | House |
| 15:55 | Build | House |
| 17:37 | Create | Villager (Male) |
| 18:09 | Age | Castle Age |
| 18:10 | Build | Town Center |
| 18:13 | Build | Town Center |
| 18:20 | Build | Monastery |
| 18:22 | Create | Villager (Male) |
| 18:28 | Create | Villager (Male) |
| 18:30 | Build | Monastery |
| 18:44 | Create | Villager (Male) |
| 18:48 | Create | Villager (Male) |
| 18:51 | Create | Knight |
| 18:51 | Create | Knight |
| 18:53 | Create | Villager (Male) |
| 19:02 | Research | Heavy Plow |
| 19:11 | Create | Monk |
| 19:28 | Create | Monk |
| 19:29 | Create | Villager (Male) |
| 19:38 | Build | Farm |
| 19:44 | Create | Villager (Male) |
| 19:50 | Create | Villager (Male) |
| 19:56 | Create | Villager (Male) |
| 20:01 | Create | Villager (Male) |
| 20:08 | Create | Villager (Male) |
| 20:12 | Build | Farm |
| 20:15 | Create | Villager (Male) |
| 20:27 | Build | Town Center |
| 20:39 | Build | Farm |
| 20:41 | Create | Villager (Male) |
| 20:54 | Create | Villager (Male) |
| 21:06 | Research | Bow Saw |
| 21:08 | Create | Villager (Male) |
| 21:23 | Create | Villager (Male) |
| 21:26 | Create | Villager (Male) |
| 21:32 | Research | Sanctity |
| 21:36 | Create | Monk |
| 21:42 | Create | Villager (Male) |
| 21:54 | Create | Villager (Male) |
| 21:58 | Build | Farm |
| 21:58 | Build | Farm |
| 21:58 | Build | Farm |
| 21:59 | Build | Farm |
| 21:59 | Build | Farm |
| 21:59 | Build | Farm |
| 22:06 | Create | Villager (Male) |
| 22:08 | Build | Farm |
| 22:11 | Build | House |
| 22:12 | Build | House |
| 22:13 | Build | House |
| 22:48 | Create | Villager (Male) |
| 22:48 | Create | Villager (Male) |
| 22:51 | Build | Monastery |
| 22:54 | Create | Knight |
| 22:55 | Research | Scale Barding Armor |
| 22:57 | Build | Farm |
| 22:58 | Create | Villager (Male) |
| 23:13 | Research | Bloodlines |
| 23:16 | Create | Villager (Male) |
| 23:19 | Build | Farm |
| 23:19 | Build | Farm |
| 23:19 | Build | Farm |
| 23:19 | Build | Farm |
| 23:20 | Build | Farm |
| 23:20 | Build | Farm |
| 23:20 | Build | Farm |
| 23:29 | Build | Farm |
| 23:43 | Build | Farm |
| 23:44 | Create | Villager (Male) |
| 23:44 | Create | Villager (Male) |
| 23:44 | Create | Villager (Male) |
| 23:45 | Create | Villager (Male) |
| 23:45 | Create | Villager (Male) |
| 23:50 | Build | House |
| 23:51 | Build | House |
| 23:51 | Build | House |
Build order — Mapache
First 150 of 333 actions detected
| 0:01 | Create | Villager (Male) |
| 0:03 | Build | House |
| 0:04 | Build | House |
| 0:15 | Create | Villager (Male) |
| 0:22 | Create | Villager (Male) |
| 0:25 | Create | Villager (Male) |
| 1:06 | Create | Villager (Male) |
| 1:38 | Create | Villager (Male) |
| 1:57 | Create | Villager (Male) |
| 2:30 | Create | Villager (Male) |
| 2:41 | Build | Settlement |
| 2:50 | Create | Villager (Male) |
| 2:51 | Create | Villager (Male) |
| 2:52 | Create | Villager (Male) |
| 3:25 | Create | Villager (Male) |
| 3:54 | Create | Villager (Male) |
| 4:35 | Create | Villager (Male) |
| 4:39 | Research | Loom |
| 5:40 | Research | Feudal Age |
| 6:59 | Build | Settlement |
| 7:43 | Create | Villager (Male) |
| 8:01 | Age | Feudal Age |
| 8:02 | Build | Palisade Gate |
| 8:04 | Build | Palisade Wall |
| 8:12 | Build | Watch Tower |
| 8:19 | Create | Villager (Male) |
| 8:29 | Create | Villager (Male) |
| 8:37 | Create | Villager (Male) |
| 8:52 | Create | Villager (Male) |
| 9:01 | Build | Watch Tower |
| 9:37 | Create | Villager (Male) |
| 9:52 | Create | Villager (Male) |
| 10:07 | Create | Villager (Male) |
| 10:16 | Build | Palisade Wall |
| 10:28 | Create | Villager (Male) |
| 10:50 | Build | Watch Tower |
| 10:55 | Create | Villager (Male) |
| 11:02 | Create | Villager (Male) |
| 11:21 | Build | Farm |
| 11:22 | Build | Farm |
| 11:52 | Build | Farm |
| 11:55 | Build | House |
| 12:33 | Build | Watch Tower |
| 12:34 | Create | Villager (Male) |
| 12:42 | Build | Palisade Wall |
| 12:46 | Build | Palisade Wall |
| 13:03 | Create | Villager (Male) |
| 13:19 | Build | Watch Tower |
| 13:56 | Create | Villager (Male) |
| 14:12 | Build | Settlement |
| 14:13 | Create | Villager (Male) |
| 14:32 | Build | Watch Tower |
| 14:33 | Create | Villager (Male) |
| 14:44 | Create | Villager (Male) |
| 14:58 | Build | Farm |
| 14:59 | Create | Villager (Male) |
| 15:07 | Research | Double-Bit Axe |
| 15:11 | Create | Villager (Male) |
| 15:39 | Build | Watch Tower |
| 16:07 | Build | Farm |
| 16:07 | Create | Villager (Male) |
| 16:18 | Create | Villager (Male) |
| 16:32 | Build | Stone Wall |
| 16:36 | Build | House |
| 16:42 | Build | Stone Wall |
| 16:53 | Create | Villager (Male) |
| 17:18 | Build | Settlement |
| 17:19 | Create | Villager (Male) |
| 17:55 | Create | Villager (Male) |
| 18:14 | Create | Villager (Male) |
| 18:27 | Build | Market |
| 18:29 | Create | Villager (Male) |
| 18:35 | Build | Farm |
| 18:48 | Build | Farm |
| 18:48 | Create | Villager (Male) |
| 19:28 | Create | Villager (Male) |
| 19:31 | Build | Farm |
| 19:36 | Build | Palisade Wall |
| 19:54 | Build | Watch Tower |
| 19:54 | Create | Villager (Male) |
| 20:10 | Build | Blacksmith |
| 20:26 | Build | Farm |
| 20:41 | Build | Farm |
| 20:50 | Build | Outpost |
| 20:51 | Research | Castle Age |
| 21:16 | Build | Farm |
| 21:32 | Build | Settlement |
| 22:09 | Build | Outpost |
| 22:17 | Build | House |
| 22:20 | Build | Stone Wall |
| 22:39 | Build | Outpost |
| 23:31 | Age | Castle Age |
| 23:33 | Build | Settlement |
| 23:40 | Build | Castle |
| 23:41 | Create | Villager (Male) |
| 23:49 | Research | Bow Saw |
| 23:51 | Research | Fletching |
| 23:59 | Create | Villager (Male) |
| 24:28 | Build | House |
| 24:29 | Create | Villager (Male) |
| 24:33 | Create | Villager (Male) |
| 24:57 | Build | Gate |
| 25:07 | Build | Town Center |
| 25:07 | Create | Villager (Male) |
| 25:21 | Create | Unit 2579 |
| 25:21 | Create | Unit 2579 |
| 25:21 | Create | Unit 2579 |
| 25:21 | Create | Unit 2579 |
| 25:22 | Research | Bodkin Arrow |
| 25:36 | Build | House |
| 25:37 | Build | House |
| 25:37 | Create | Villager (Male) |
| 25:51 | Build | University |
| 25:54 | Build | Town Center |
| 25:55 | Create | Villager (Male) |
| 26:01 | Create | Unit 2579 |
| 26:07 | Create | Unit 2579 |
| 26:16 | Create | Unit 2579 |
| 26:19 | Create | Villager (Male) |
| 26:20 | Create | Unit 2579 |
| 26:32 | Create | Unit 2579 |
| 26:41 | Research | Guard Tower (upgrade) |
| 26:43 | Create | Villager (Male) |
| 26:46 | Create | Unit 2579 |
| 26:51 | Create | Unit 2579 |
| 26:57 | Create | Unit 2579 |
| 27:05 | Build | Settlement |
| 27:06 | Create | Villager (Male) |
| 27:18 | Create | Villager (Male) |
| 27:31 | Create | Villager (Male) |
| 27:34 | Create | Unit 2579 |
| 27:35 | Create | Unit 2579 |
| 27:35 | Create | Unit 2579 |
| 27:41 | Create | Villager (Male) |
| 27:42 | Create | Villager (Male) |
| 27:49 | Research | Horse Collar |
| 27:50 | Create | Villager (Male) |
| 27:51 | Create | Villager (Male) |
| 27:54 | Build | Farm |
| 27:58 | Create | Villager (Male) |
| 27:59 | Create | Villager (Male) |
| 28:04 | Create | Villager (Male) |
| 28:10 | Create | Unit 2579 |
| 28:11 | Create | Unit 2579 |
| 28:34 | Create | Unit 2579 |
| 28:44 | Create | Unit 2579 |
| 28:53 | Create | Unit 2579 |
| 28:55 | Create | Unit 2579 |
| 28:58 | Build | Farm |
| 28:58 | Create | Villager (Male) |
Build order — Jondrin1992
First 150 of 313 actions detected
| 0:01 | Create | Villager (Male) ×4 |
| 0:03 | Build | House |
| 0:04 | Build | House |
| 1:24 | Create | Villager (Male) |
| 1:45 | Create | Villager (Male) |
| 1:49 | Build | Lumber Camp |
| 2:17 | Create | Villager (Male) |
| 2:36 | Create | Villager (Male) |
| 3:16 | Create | Villager (Male) |
| 3:29 | Build | House |
| 3:31 | Create | Villager (Male) |
| 3:57 | Build | Mill |
| 4:01 | Create | Villager (Male) |
| 4:13 | Create | Villager (Male) |
| 4:50 | Create | Villager (Male) |
| 5:06 | Create | Villager (Male) |
| 5:18 | Create | Villager (Male) |
| 5:54 | Create | Villager (Male) |
| 5:56 | Research | Loom |
| 6:53 | Research | Feudal Age |
| 6:58 | Build | Lumber Camp |
| 7:58 | Build | Mining Camp |
| 8:37 | Build | Barracks |
| 8:48 | Create | Villager (Male) |
| 9:05 | Create | Militia |
| 9:16 | Age | Feudal Age |
| 9:19 | Build | Mining Camp |
| 9:22 | Build | House |
| 9:38 | Research | Double-Bit Axe |
| 10:03 | Create | Villager (Male) |
| 10:24 | Build | Archery Range |
| 10:42 | Build | Mining Camp |
| 10:48 | Create | Villager (Male) |
| 11:10 | Build | Watch Tower |
| 11:14 | Create | Archer |
| 11:14 | Create | Archer |
| 11:17 | Build | House |
| 11:33 | Create | Villager (Male) |
| 11:34 | Build | Mill |
| 12:09 | Create | Archer |
| 12:23 | Build | Blacksmith |
| 12:28 | Create | Villager (Male) |
| 12:48 | Create | Archer |
| 13:02 | Create | Villager (Male) |
| 13:19 | Create | Archer |
| 13:45 | Create | Villager (Male) |
| 14:00 | Research | Fletching |
| 14:10 | Build | Mill |
| 14:10 | Build | Farm |
| 14:10 | Build | Farm |
| 14:11 | Build | Farm |
| 14:11 | Build | Farm |
| 14:11 | Build | Farm |
| 14:15 | Build | Farm |
| 14:18 | Create | Archer |
| 14:42 | Create | Archer |
| 14:43 | Create | Villager (Male) |
| 14:46 | Build | House |
| 14:48 | Build | House |
| 15:19 | Create | Archer |
| 15:20 | Create | Villager (Male) |
| 15:24 | Build | Farm |
| 16:02 | Create | Villager (Male) |
| 16:27 | Create | Villager (Male) |
| 16:31 | Build | Farm |
| 16:33 | Build | Farm |
| 16:34 | Build | Farm |
| 16:40 | Create | Archer |
| 16:42 | Create | Villager (Male) |
| 17:22 | Create | Villager (Male) |
| 17:28 | Create | Villager (Male) |
| 17:31 | Create | Archer |
| 17:32 | Create | Archer |
| 17:53 | Build | House |
| 18:17 | Build | House |
| 18:41 | Build | Market |
| 18:47 | Create | Archer |
| 18:53 | Build | Farm |
| 19:04 | Create | Villager (Male) |
| 19:28 | Research | Castle Age |
| 20:30 | Build | Archery Range |
| 21:06 | Create | Archer |
| 21:19 | Build | House |
| 21:23 | Build | Palisade Wall |
| 22:08 | Age | Castle Age |
| 22:10 | Build | Siege Workshop |
| 22:12 | Create | Villager (Male) |
| 22:38 | Research | Bodkin Arrow |
| 22:40 | Create | Villager (Male) |
| 23:08 | Create | Villager (Male) |
| 23:22 | Create | Mangonel |
| 23:22 | Create | Mangonel |
| 23:46 | Create | Archer |
| 23:46 | Create | Archer |
| 23:48 | Create | Villager (Male) |
| 24:13 | Create | Archer |
| 24:23 | Create | Villager (Male) |
| 24:27 | Build | Mining Camp |
| 24:51 | Create | Villager (Male) |
| 25:04 | Create | Archer |
| 25:04 | Create | Archer |
| 25:04 | Create | Archer |
| 25:05 | Create | Archer |
| 25:29 | Create | Villager (Male) |
| 25:37 | Build | Farm |
| 25:59 | Research | Crossbowman (upgrade) |
| 26:30 | Create | Battering Ram |
| 26:31 | Create | Villager (Male) |
| 26:35 | Build | House |
| 26:36 | Build | House |
| 26:56 | Create | Villager (Male) |
| 27:06 | Create | Archer |
| 27:07 | Create | Archer |
| 27:07 | Create | Archer |
| 27:07 | Create | Archer |
| 27:32 | Create | Archer |
| 27:33 | Create | Villager (Male) |
| 27:47 | Create | Battering Ram |
| 27:53 | Create | Villager (Male) |
| 28:02 | Create | Archer |
| 29:15 | Create | Archer |
| 29:16 | Create | Archer |
| 29:16 | Create | Archer |
| 29:21 | Create | Archer |
| 29:21 | Create | Archer |
| 29:21 | Create | Archer |
| 29:22 | Create | Archer |
| 29:23 | Create | Villager (Male) |
| 29:23 | Create | Villager (Male) |
| 29:23 | Create | Villager (Male) |
| 29:33 | Create | Battering Ram |
| 29:40 | Create | Villager (Male) |
| 30:00 | Build | Castle |
| 30:14 | Create | Archer |
| 30:15 | Create | Archer |
| 30:15 | Create | Archer |
| 30:58 | Create | Archer |
| 30:58 | Create | Archer |
| 31:00 | Create | Villager (Male) |
| 31:00 | Create | Villager (Male) |
| 31:07 | Build | House |
| 31:08 | Build | House |
| 31:10 | Create | Villager (Male) |
| 31:48 | Create | Villager (Male) |
| 31:55 | Create | Villager (Male) |
| 32:31 | Build | Town Center |
| 32:31 | Create | Villager (Male) |
| 32:32 | Create | Villager (Male) |
| 32:44 | Build | Farm |
| 32:50 | Create | Rattan Archer |
Build order — wackadoodle
First 150 of 494 actions detected
| 0:01 | Create | Villager (Male) ×4 |
| 0:03 | Build | House |
| 0:08 | Build | House |
| 1:32 | Create | Villager (Male) |
| 1:32 | Create | Villager (Male) |
| 1:46 | Create | Villager (Male) |
| 1:47 | Create | Villager (Male) |
| 2:02 | Build | Lumber Camp |
| 2:10 | Create | Villager (Male) |
| 2:47 | Create | Villager (Male) |
| 3:04 | Create | Villager (Male) |
| 3:33 | Build | House |
| 3:35 | Create | Villager (Male) |
| 3:35 | Create | Villager (Male) |
| 3:51 | Create | Villager (Male) |
| 3:51 | Create | Villager (Male) |
| 4:06 | Research | Loom |
| 4:08 | Research | Loom |
| 4:08 | Create | Villager (Male) |
| 4:09 | Create | Villager (Male) |
| 4:42 | Create | Villager (Male) |
| 4:42 | Create | Villager (Male) |
| 4:52 | Build | Palisade Wall |
| 5:35 | Build | Mill |
| 5:46 | Build | Mill |
| 5:50 | Create | Villager (Male) |
| 5:51 | Create | Villager (Male) |
| 5:51 | Create | Villager (Male) |
| 5:53 | Create | Villager (Male) |
| 6:46 | Create | Villager (Male) |
| 6:53 | Research | Feudal Age |
| 7:13 | Build | Palisade Wall |
| 7:19 | Create | Villager (Male) |
| 7:26 | Build | House |
| 7:46 | Build | Palisade Wall |
| 7:54 | Build | Palisade Wall |
| 8:57 | Build | House |
| 9:16 | Age | Feudal Age |
| 9:20 | Build | Stone Wall |
| 9:24 | Build | Stone Wall |
| 9:37 | Build | Stone Wall |
| 9:38 | Build | Stone Wall |
| 9:55 | Build | Stone Wall |
| 9:55 | Create | Villager (Male) |
| 9:56 | Create | Villager (Male) |
| 9:56 | Create | Villager (Male) |
| 10:05 | Build | Stone Wall |
| 10:06 | Build | Stone Wall |
| 10:08 | Build | Stone Wall |
| 10:14 | Build | Stone Wall |
| 10:34 | Build | Stone Wall |
| 10:42 | Create | Villager (Male) |
| 10:43 | Create | Villager (Male) |
| 10:46 | Research | Double-Bit Axe |
| 10:47 | Research | Double-Bit Axe |
| 10:47 | Research | Horse Collar |
| 10:47 | Research | Horse Collar |
| 10:53 | Build | Stone Wall |
| 11:02 | Create | Villager (Male) |
| 11:03 | Create | Villager (Male) |
| 11:06 | Build | Mining Camp |
| 11:09 | Build | Farm |
| 11:10 | Build | Farm |
| 11:10 | Build | Farm |
| 11:10 | Build | Farm |
| 11:11 | Build | Farm |
| 11:44 | Create | Villager (Male) |
| 12:02 | Build | Stone Wall |
| 12:03 | Create | Villager (Male) |
| 12:12 | Build | Stone Wall |
| 12:15 | Build | Stone Wall |
| 12:17 | Build | Stone Wall |
| 12:27 | Create | Villager (Male) |
| 12:30 | Build | Farm |
| 12:30 | Build | Farm |
| 12:30 | Build | Farm |
| 12:31 | Build | Farm |
| 12:31 | Build | Farm |
| 12:40 | Build | House |
| 12:54 | Build | Stone Wall |
| 12:55 | Create | Villager (Male) |
| 13:11 | Build | Stone Wall |
| 13:13 | Build | Stone Wall |
| 13:14 | Build | Stone Wall |
| 13:15 | Build | Stone Wall |
| 13:45 | Build | Stone Wall |
| 13:58 | Create | Villager (Male) |
| 13:58 | Create | Villager (Male) |
| 14:03 | Build | Farm |
| 14:26 | Build | Stone Wall |
| 14:30 | Build | Stone Wall |
| 14:32 | Build | Stone Wall |
| 14:38 | Create | Villager (Male) |
| 14:42 | Build | House |
| 14:45 | Build | House |
| 15:01 | Create | Villager (Male) |
| 15:34 | Create | Villager (Male) |
| 15:39 | Build | Mining Camp |
| 15:54 | Build | Watch Tower |
| 16:01 | Create | Villager (Male) |
| 16:06 | Build | Blacksmith |
| 16:20 | Build | Watch Tower |
| 16:27 | Create | Villager (Male) |
| 16:58 | Create | Villager (Male) |
| 16:58 | Create | Villager (Male) |
| 17:25 | Build | Market |
| 17:49 | Create | Villager (Male) |
| 18:08 | Research | Castle Age |
| 18:08 | Research | Castle Age |
| 18:14 | Build | Lumber Camp |
| 19:52 | Build | Stone Wall |
| 20:08 | Build | Stone Wall |
| 20:12 | Create | Villager (Male) |
| 20:12 | Create | Villager (Male) |
| 20:25 | Build | Stone Wall |
| 20:45 | Build | Stone Wall |
| 20:56 | Age | Castle Age |
| 21:00 | Create | Villager (Male) |
| 21:03 | Research | Bow Saw |
| 21:03 | Research | Bow Saw |
| 21:07 | Build | Town Center |
| 21:15 | Build | Town Center |
| 21:23 | Build | Siege Workshop |
| 21:25 | Research | Town Watch |
| 21:43 | Build | Outpost |
| 21:48 | Build | Outpost |
| 21:50 | Build | Outpost |
| 21:55 | Create | Villager (Male) |
| 22:12 | Create | Villager (Male) |
| 22:27 | Create | Mangonel |
| 22:31 | Build | House |
| 22:32 | Build | House |
| 22:39 | Create | Villager (Male) |
| 22:39 | Create | Villager (Male) |
| 22:42 | Create | Villager (Male) |
| 22:47 | Build | Farm |
| 22:48 | Build | Farm |
| 22:49 | Build | Farm |
| 22:51 | Build | Farm |
| 22:57 | Build | Farm |
| 22:58 | Build | Farm |
| 22:59 | Build | Farm |
| 23:01 | Create | Villager (Male) |
| 23:04 | Research | Wheelbarrow |
| 23:05 | Research | Wheelbarrow |
| 23:06 | Create | Villager (Male) |
| 23:16 | Create | Mangonel |
| 23:23 | Build | Stone Wall |
| 23:24 | Build | Stone Wall |
| 23:26 | Build | Stone Wall |
Build order — Lorhey
First 150 of 415 actions detected
| 0:00 | Create | Villager (Male) |
| 0:01 | Create | Villager (Male) |
| 0:01 | Create | Villager (Male) |
| 0:01 | Create | Villager (Male) |
| 0:02 | Create | Villager (Male) |
| 0:03 | Build | House |
| 0:04 | Build | House |
| 1:10 | Create | Villager (Male) |
| 2:02 | Create | Villager (Male) |
| 2:26 | Build | Lumber Camp |
| 2:32 | Create | Villager (Male) |
| 2:48 | Create | Villager (Male) |
| 3:08 | Create | Villager (Male) |
| 3:24 | Create | Villager (Male) |
| 3:28 | Build | House |
| 4:05 | Create | Villager (Male) |
| 4:35 | Create | Villager (Male) |
| 4:50 | Create | Villager (Male) |
| 5:22 | Create | Villager (Male) |
| 5:41 | Build | Barracks |
| 5:48 | Create | Villager (Male) |
| 5:50 | Create | Villager (Male) |
| 5:52 | Research | Loom |
| 6:47 | Research | Feudal Age |
| 7:00 | Build | House |
| 7:15 | Create | Militia |
| 7:16 | Create | Militia |
| 7:41 | Build | Mining Camp |
| 7:58 | Create | Militia |
| 8:17 | Create | Militia |
| 8:39 | Create | Militia |
| 9:17 | Age | Feudal Age |
| 9:19 | Research | Man-at-Arms (upgrade) |
| 9:29 | Create | Villager (Male) |
| 9:32 | Build | Archery Range |
| 9:41 | Build | Mill |
| 10:21 | Create | Archer |
| 10:26 | Build | Watch Tower |
| 10:39 | Build | House |
| 10:59 | Create | Villager (Male) |
| 10:59 | Create | Villager (Male) |
| 11:36 | Create | Archer |
| 11:55 | Create | Villager (Male) |
| 12:05 | Build | Farm |
| 12:07 | Build | Farm |
| 12:32 | Create | Villager (Male) |
| 12:38 | Build | House |
| 12:47 | Build | Farm |
| 13:23 | Build | Stone Wall |
| 13:24 | Create | Villager (Male) |
| 13:30 | Build | Mining Camp |
| 13:33 | Build | Mining Camp |
| 13:34 | Create | Villager (Male) |
| 13:44 | Create | Villager (Male) |
| 14:33 | Build | Farm |
| 14:35 | Build | Farm |
| 14:46 | Build | Stone Wall |
| 14:51 | Build | Stone Wall |
| 14:52 | Create | Villager (Male) |
| 15:15 | Create | Villager (Male) |
| 15:31 | Build | Stone Wall |
| 15:33 | Build | Stone Wall |
| 15:37 | Create | Villager (Male) |
| 15:46 | Build | Stone Wall |
| 15:51 | Build | Farm |
| 16:01 | Build | Stone Wall |
| 16:07 | Create | Villager (Male) |
| 16:10 | Build | House |
| 16:12 | Research | Wheelbarrow |
| 16:41 | Build | Farm |
| 16:42 | Build | Farm |
| 16:44 | Build | Farm |
| 16:51 | Build | Market |
| 16:58 | Create | Villager (Male) |
| 18:00 | Create | Villager (Male) |
| 18:14 | Build | Farm |
| 18:14 | Build | Farm |
| 18:14 | Build | Farm |
| 18:15 | Build | Farm |
| 18:30 | Research | Castle Age |
| 19:18 | Research | Double-Bit Axe |
| 19:33 | Build | Stone Wall |
| 20:10 | Research | Gold Mining |
| 20:36 | Build | House |
| 20:44 | Build | Lumber Camp |
| 21:04 | Create | Villager (Male) |
| 21:10 | Age | Castle Age |
| 21:22 | Build | Blacksmith |
| 21:23 | Create | Villager (Male) |
| 21:31 | Research | Town Watch |
| 21:40 | Research | Bow Saw |
| 21:52 | Create | Villager (Male) |
| 21:59 | Build | Siege Workshop |
| 22:05 | Create | Villager (Male) |
| 22:27 | Create | Villager (Male) |
| 22:40 | Create | Battering Ram |
| 22:45 | Build | House |
| 22:46 | Create | Villager (Male) |
| 23:13 | Create | Battering Ram |
| 23:19 | Create | Villager (Male) |
| 23:32 | Build | House |
| 23:40 | Build | Farm |
| 23:50 | Build | Farm |
| 23:54 | Create | Villager (Male) |
| 23:57 | Build | Farm |
| 23:58 | Build | Farm |
| 24:25 | Create | Villager (Male) |
| 24:30 | Build | Farm |
| 24:34 | Build | Farm |
| 24:35 | Build | Farm |
| 24:45 | Create | Mangonel |
| 24:47 | Create | Villager (Male) |
| 25:03 | Build | Farm |
| 25:29 | Create | Villager (Male) |
| 25:35 | Build | Farm |
| 25:39 | Build | Monastery |
| 26:16 | Create | Villager (Male) |
| 26:17 | Build | Farm |
| 26:18 | Build | Farm |
| 26:20 | Build | Farm |
| 26:21 | Build | Farm |
| 26:22 | Create | Villager (Male) |
| 27:20 | Research | Imperial Age |
| 28:00 | Create | Villager (Male) |
| 28:15 | Research | Horse Collar |
| 28:36 | Build | Farm |
| 28:49 | Build | Castle |
| 29:01 | Build | Castle |
| 29:11 | Build | Monastery |
| 29:12 | Build | Monastery |
| 29:53 | Build | Mining Camp |
| 30:02 | Create | Monk |
| 30:03 | Create | Monk |
| 30:30 | Age | Imperial Age |
| 30:30 | Create | Trebuchet (Packed) |
| 30:32 | Create | Villager (Male) |
| 30:32 | Create | Villager (Male) |
| 30:44 | Research | Block Printing |
| 30:45 | Research | Block Printing |
| 31:01 | Create | Trebuchet (Packed) |
| 31:21 | Create | Villager (Male) |
| 31:28 | Create | Monk |
| 31:29 | Create | Monk |
| 31:31 | Create | Villager (Male) |
| 31:43 | Build | Lumber Camp |
| 31:55 | Create | Trebuchet (Packed) |
| 32:13 | Research | Sanctity |
| 32:38 | Research | Atonement |
| 33:02 | Create | Villager (Male) |
| 33:02 | Create | Villager (Male) |
Build order — HSL | KIRA
First 150 of 426 actions detected
| 0:00 | Create | Villager (Male) |
| 0:01 | Create | Villager (Male) |
| 0:01 | Create | Villager (Male) |
| 0:01 | Create | Villager (Male) |
| 0:02 | Build | House |
| 0:04 | Build | House |
| 0:10 | Create | Villager (Male) |
| 0:10 | Create | Villager (Male) |
| 1:21 | Create | Villager (Male) |
| 1:21 | Create | Villager (Male) |
| 1:40 | Build | Lumber Camp |
| 1:49 | Create | Villager (Male) |
| 1:49 | Create | Villager (Male) |
| 2:13 | Create | Villager (Male) |
| 2:27 | Build | House |
| 2:37 | Create | Villager (Male) |
| 2:58 | Create | Villager (Male) |
| 3:35 | Create | Villager (Male) |
| 3:43 | Create | Villager (Male) |
| 3:46 | Build | Mill |
| 3:57 | Create | Villager (Male) |
| 4:56 | Create | Villager (Male) |
| 5:17 | Create | Villager (Male) |
| 5:48 | Research | Loom |
| 6:08 | Research | Feudal Age |
| 6:41 | Build | House |
| 7:19 | Build | Barracks |
| 7:30 | Create | Villager (Male) |
| 8:25 | Age | Feudal Age |
| 8:35 | Build | Stable |
| 8:37 | Create | Villager (Male) |
| 8:44 | Create | Villager (Male) |
| 9:01 | Build | Blacksmith |
| 9:28 | Create | Scout Cavalry |
| 9:28 | Create | Scout Cavalry |
| 9:32 | Create | Villager (Male) |
| 9:38 | Build | Mining Camp |
| 9:41 | Build | Farm |
| 9:45 | Build | Farm |
| 9:48 | Build | Farm |
| 9:57 | Create | Villager (Male) |
| 9:58 | Create | Villager (Male) |
| 9:59 | Build | Farm |
| 10:07 | Build | House |
| 10:26 | Build | Farm |
| 10:31 | Build | Farm |
| 10:41 | Build | Stone Wall |
| 10:42 | Build | Stone Wall |
| 10:44 | Create | Villager (Male) |
| 10:44 | Create | Villager (Male) |
| 10:50 | Build | Gate |
| 10:55 | Build | House |
| 11:16 | Build | Farm |
| 11:20 | Create | Scout Cavalry |
| 11:34 | Create | Spearman |
| 11:44 | Create | Villager (Male) |
| 11:52 | Build | Market |
| 12:01 | Create | Spearman |
| 12:05 | Build | Farm |
| 12:19 | Build | Farm |
| 12:21 | Create | Villager (Male) |
| 12:35 | Create | Spearman |
| 12:42 | Create | Villager (Male) |
| 12:51 | Build | Farm |
| 13:05 | Create | Villager (Male) |
| 13:09 | Build | Farm |
| 13:15 | Create | Spearman |
| 13:31 | Create | Villager (Male) |
| 13:46 | Create | Scout Cavalry |
| 13:55 | Build | Farm |
| 13:57 | Build | Farm |
| 14:07 | Create | Scout Cavalry |
| 14:10 | Create | Villager (Male) |
| 14:19 | Build | Farm |
| 14:20 | Build | Farm |
| 14:21 | Build | House |
| 14:25 | Build | House |
| 14:34 | Create | Villager (Male) |
| 14:36 | Build | Farm |
| 14:42 | Create | Villager (Male) |
| 14:57 | Create | Villager (Male) |
| 15:10 | Build | Gate |
| 15:19 | Create | Villager (Male) |
| 15:32 | Build | Stable |
| 15:57 | Create | Scout Cavalry |
| 15:57 | Create | Scout Cavalry |
| 16:06 | Create | Villager (Male) |
| 16:19 | Create | Scout Cavalry |
| 16:41 | Build | Farm |
| 16:42 | Build | Farm |
| 16:46 | Create | Villager (Male) |
| 16:49 | Research | Double-Bit Axe |
| 16:51 | Build | Lumber Camp |
| 16:54 | Research | Horse Collar |
| 16:59 | Create | Scout Cavalry |
| 17:21 | Create | Villager (Male) |
| 17:37 | Create | Villager (Male) |
| 17:42 | Build | Mill |
| 17:48 | Build | Farm |
| 18:05 | Create | Villager (Male) |
| 18:17 | Build | House |
| 19:00 | Create | Villager (Male) |
| 19:13 | Create | Villager (Male) |
| 19:41 | Research | Castle Age |
| 20:18 | Create | Villager (Male) |
| 20:46 | Research | Gold Mining |
| 21:24 | Build | Stable |
| 21:43 | Research | Forging |
| 22:03 | Research | Scale Barding Armor |
| 22:06 | Create | Villager (Male) |
| 22:09 | Build | Mining Camp |
| 22:11 | Age | Castle Age |
| 22:13 | Create | Knight |
| 22:14 | Create | Knight |
| 22:21 | Build | Farm |
| 22:32 | Research | Bow Saw |
| 22:35 | Create | Villager (Male) |
| 22:38 | Create | Knight |
| 22:39 | Research | Husbandry |
| 23:03 | Research | Bloodlines |
| 23:05 | Create | Villager (Male) |
| 23:06 | Create | Villager (Male) |
| 23:20 | Build | House |
| 23:25 | Build | House |
| 23:34 | Create | Knight |
| 23:34 | Create | Knight |
| 23:34 | Create | Knight |
| 23:39 | Build | House |
| 23:42 | Build | House |
| 23:42 | Build | House |
| 23:54 | Create | Knight |
| 23:54 | Create | Knight |
| 23:56 | Create | Villager (Male) |
| 23:56 | Create | Villager (Male) |
| 24:02 | Build | Mining Camp |
| 24:04 | Build | House |
| 24:05 | Build | Farm |
| 24:08 | Create | Villager (Male) |
| 24:15 | Create | Knight |
| 24:32 | Create | Villager (Male) |
| 24:34 | Research | Gold Shaft Mining |
| 24:37 | Research | Heavy Plow |
| 25:03 | Create | Villager (Male) |
| 25:06 | Build | Farm |
| 25:15 | Create | Knight |
| 25:16 | Create | Knight |
| 25:16 | Create | Knight |
| 25:25 | Create | Knight |
| 25:30 | Create | Villager (Male) |
| 25:33 | Build | House |
Build order — shn_07
First 150 of 673 actions detected
| 0:01 | Create | Villager (Male) |
| 0:01 | Create | Villager (Male) |
| 0:01 | Create | Villager (Male) |
| 0:02 | Build | House |
| 0:04 | Build | House |
| 0:13 | Create | Villager (Male) |
| 1:25 | Create | Villager (Male) |
| 1:25 | Create | Villager (Male) |
| 1:47 | Build | Lumber Camp |
| 1:57 | Create | Villager (Male) |
| 1:57 | Create | Villager (Male) |
| 2:18 | Create | Villager (Male) |
| 2:18 | Create | Villager (Male) |
| 2:47 | Create | Villager (Male) |
| 2:47 | Create | Villager (Male) |
| 3:15 | Create | Villager (Male) |
| 3:15 | Create | Villager (Male) |
| 3:33 | Build | House |
| 3:36 | Create | Villager (Male) |
| 3:36 | Create | Villager (Male) |
| 4:02 | Create | Villager (Male) |
| 4:02 | Create | Villager (Male) |
| 4:12 | Build | Mill |
| 4:19 | Create | Villager (Male) |
| 4:31 | Create | Villager (Male) |
| 4:56 | Create | Villager (Male) |
| 5:10 | Create | Villager (Male) |
| 5:11 | Create | Villager (Male) |
| 5:26 | Build | Mill |
| 5:37 | Build | House |
| 5:59 | Create | Villager (Male) |
| 6:00 | Create | Villager (Male) |
| 6:05 | Create | Villager (Male) |
| 6:05 | Create | Villager (Male) |
| 7:27 | Create | Villager (Male) |
| 7:46 | Create | Villager (Male) |
| 8:07 | Build | Mining Camp |
| 8:16 | Create | Villager (Male) |
| 8:26 | Build | Farm |
| 8:31 | Build | Farm |
| 8:36 | Research | Feudal Age |
| 8:36 | Research | Feudal Age |
| 10:31 | Build | Farm |
| 10:50 | Create | Villager (Male) |
| 10:56 | Age | Feudal Age |
| 11:00 | Research | Loom |
| 11:01 | Research | Loom |
| 11:05 | Build | Market |
| 11:10 | Build | Blacksmith |
| 11:20 | Create | Villager (Male) |
| 11:32 | Build | House |
| 11:49 | Research | Castle Age |
| 11:50 | Research | Castle Age |
| 12:11 | Research | Double-Bit Axe |
| 12:11 | Research | Double-Bit Axe |
| 13:40 | Build | House |
| 14:31 | Age | Castle Age |
| 14:35 | Create | Villager (Male) |
| 14:35 | Create | Villager (Male) |
| 14:38 | Build | Town Center |
| 14:39 | Create | Villager (Male) |
| 14:48 | Build | Town Center |
| 14:53 | Create | Villager (Male) |
| 14:56 | Build | Farm |
| 15:01 | Build | Farm |
| 15:06 | Create | Villager (Male) |
| 15:16 | Create | Villager (Male) |
| 15:27 | Create | Villager (Male) |
| 15:29 | Create | Villager (Male) |
| 15:43 | Create | Villager (Male) |
| 15:51 | Build | Farm |
| 15:51 | Build | Farm |
| 15:51 | Build | Farm |
| 15:52 | Build | Farm |
| 15:53 | Create | Villager (Male) |
| 15:56 | Create | Villager (Male) |
| 16:11 | Research | Bow Saw |
| 16:11 | Research | Bow Saw |
| 16:23 | Create | Villager (Male) |
| 16:26 | Build | Farm |
| 16:35 | Build | Farm |
| 16:36 | Build | Farm |
| 16:50 | Create | Villager (Male) |
| 16:51 | Create | Villager (Male) |
| 16:53 | Build | Farm |
| 17:08 | Create | Villager (Male) |
| 17:08 | Create | Villager (Male) |
| 17:11 | Build | Farm |
| 17:13 | Build | Farm |
| 17:15 | Build | Farm |
| 17:25 | Create | Villager (Male) |
| 17:26 | Create | Villager (Male) |
| 17:28 | Create | Villager (Male) |
| 17:28 | Create | Villager (Male) |
| 17:31 | Build | Farm |
| 17:33 | Build | Farm |
| 17:38 | Build | House |
| 17:38 | Create | Villager (Male) |
| 17:39 | Create | Villager (Male) |
| 17:47 | Build | Farm |
| 17:53 | Build | Farm |
| 17:54 | Create | Villager (Male) |
| 17:54 | Create | Villager (Male) |
| 18:00 | Create | Villager (Male) |
| 18:01 | Create | Villager (Male) |
| 18:05 | Build | Farm |
| 18:12 | Create | Villager (Male) |
| 18:13 | Create | Villager (Male) |
| 18:26 | Build | Monastery |
| 18:30 | Create | Villager (Male) |
| 18:30 | Create | Villager (Male) |
| 18:33 | Build | House |
| 18:42 | Build | Farm |
| 18:43 | Create | Villager (Male) |
| 18:43 | Create | Villager (Male) |
| 18:45 | Build | House |
| 18:47 | Create | Villager (Male) |
| 18:58 | Create | Villager (Male) |
| 18:58 | Create | Villager (Male) |
| 19:01 | Build | Farm |
| 19:03 | Build | Farm |
| 19:05 | Build | Farm |
| 19:07 | Create | Missionary |
| 19:08 | Create | Villager (Male) |
| 19:08 | Create | Villager (Male) |
| 19:12 | Create | Villager (Male) |
| 19:13 | Create | Villager (Male) |
| 19:16 | Build | Farm |
| 19:26 | Research | Horse Collar |
| 19:26 | Research | Horse Collar |
| 19:31 | Build | Farm |
| 19:32 | Create | Villager (Male) |
| 19:32 | Create | Villager (Male) |
| 19:46 | Create | Villager (Male) |
| 19:46 | Create | Villager (Male) |
| 19:53 | Build | Farm |
| 19:54 | Create | Villager (Male) |
| 19:56 | Build | House |
| 19:56 | Create | Villager (Male) |
| 19:57 | Create | Villager (Male) |
| 20:02 | Create | Villager (Male) |
| 20:02 | Create | Villager (Male) |
| 20:07 | Create | Villager (Male) |
| 20:07 | Create | Villager (Male) |
| 20:20 | Create | Villager (Male) |
| 20:20 | Create | Villager (Male) |
| 20:24 | Build | Farm |
| 20:24 | Build | Farm |
| 20:24 | Build | Farm |
| 20:26 | Create | Villager (Male) |
Match timeline
| 4:52 | wackadoodle · wall_segment Palisade Wall x17 |
| 5:41 | Lorhey · first_building Barracks |
| 6:58 | RoonTheEternal · first_building Barracks |
| 7:13 | wackadoodle · wall_segment Palisade Wall x6 |
| 7:19 | HSL | KIRA · first_building Barracks |
| 7:46 | wackadoodle · wall_segment Palisade Wall x3 |
| 7:54 | wackadoodle · wall_segment Palisade Wall x6 |
| 8:01 | Mapache · age_up feudal |
| 8:01 | RBase96 · first_building Barracks |
| 8:04 | Mapache · wall_segment Palisade Wall x1 |
| 8:25 | HSL | KIRA · age_up feudal |
| 8:35 | HSL | KIRA · first_building Stable |
| 8:37 | RBase96 · wall_segment Palisade Wall x1 |
| 8:37 | Jondrin1992 · first_building Barracks |
| 8:52 | RoonTheEternal · age_up feudal |
| 8:53 | RoonTheEternal · first_building Stable |
| 8:54 | RBase96 · age_up feudal |
| 9:00 | RBase96 · first_building Stable |
| 9:16 | Jondrin1992 · age_up feudal |
| 9:16 | wackadoodle · age_up feudal |
| 9:17 | Lorhey · age_up feudal |
| 9:20 | wackadoodle · wall_segment Stone Wall x6 |
| 9:24 | wackadoodle · wall_segment Stone Wall x4 |
| 9:32 | Lorhey · first_building Archery Range |
| 9:37 | wackadoodle · wall_segment Stone Wall x1 |
| 9:38 | wackadoodle · wall_segment Stone Wall x1 |
| 9:55 | wackadoodle · wall_segment Stone Wall x3 |
| 10:05 | wackadoodle · wall_segment Stone Wall x1 |
| 10:06 | wackadoodle · wall_segment Stone Wall x1 |
| 10:08 | wackadoodle · wall_segment Stone Wall x1 |
| 10:14 | wackadoodle · wall_segment Stone Wall x1 |
| 10:16 | Mapache · wall_segment Palisade Wall x1 |
| 10:24 | Jondrin1992 · first_building Archery Range |
| 10:34 | wackadoodle · wall_segment Stone Wall x6 |
| 10:41 | HSL | KIRA · wall_segment Stone Wall x18 |
| 10:42 | HSL | KIRA · wall_segment Stone Wall x12 |
| 10:53 | wackadoodle · wall_segment Stone Wall x5 |
| 10:56 | shn_07 · age_up feudal |
| 11:44 | shn_07 · first_market_sell 100 wood |
| 12:02 | wackadoodle · wall_segment Stone Wall x16 |
| 12:12 | wackadoodle · wall_segment Stone Wall x1 |
| 12:15 | wackadoodle · wall_segment Stone Wall x1 |
| 12:17 | wackadoodle · wall_segment Stone Wall x1 |
| 12:42 | Mapache · wall_segment Palisade Wall x13 |
| 12:46 | Mapache · wall_segment Palisade Wall x13 |
| 12:54 | wackadoodle · wall_segment Stone Wall x1 |
| 13:11 | wackadoodle · wall_segment Stone Wall x1 |
| 13:13 | wackadoodle · wall_segment Stone Wall x1 |
| 13:14 | wackadoodle · wall_segment Stone Wall x1 |
| 13:15 | wackadoodle · wall_segment Stone Wall x1 |
| 13:23 | Lorhey · wall_segment Stone Wall x7 |
| 13:45 | wackadoodle · wall_segment Stone Wall x19 |
| 14:26 | wackadoodle · wall_segment Stone Wall x15 |
| 14:30 | wackadoodle · wall_segment Stone Wall x3 |
| 14:31 | shn_07 · age_up castle |
| 14:32 | wackadoodle · wall_segment Stone Wall x1 |
| 14:46 | Lorhey · wall_segment Stone Wall x5 |
| 14:51 | Lorhey · wall_segment Stone Wall x1 |
| 15:31 | Lorhey · wall_segment Stone Wall x1 |
| 15:33 | Lorhey · wall_segment Stone Wall x5 |
| 15:46 | Lorhey · wall_segment Stone Wall x9 |
| 16:01 | Lorhey · wall_segment Stone Wall x3 |
| 16:32 | Mapache · wall_segment Stone Wall x13 |
| 16:42 | Mapache · wall_segment Stone Wall x1 |
| 17:27 | shn_07 · first_market_buy 100 food |
| 18:09 | RBase96 · age_up castle |
| 18:20 | RBase96 · first_building Monastery |
| 18:24 | Lorhey · first_market_sell 500 stone |
| 18:24 | Lorhey · first_market_buy 100 food |
| 18:26 | shn_07 · first_building Monastery |
| 19:23 | Jondrin1992 · first_market_sell 100 wood |
| 19:24 | Jondrin1992 · first_market_buy 100 food |
| 19:33 | Lorhey · wall_segment Stone Wall x1 |
| 19:36 | Mapache · wall_segment Palisade Wall x1 |
| 19:52 | wackadoodle · wall_segment Stone Wall x1 |
| 20:08 | wackadoodle · wall_segment Stone Wall x1 |
| 20:25 | wackadoodle · wall_segment Stone Wall x1 |
| 20:42 | RoonTheEternal · first_market_sell 100 wood |
| 20:45 | wackadoodle · wall_segment Stone Wall x1 |
| 20:47 | RoonTheEternal · first_market_buy 100 food |
| 20:56 | wackadoodle · age_up castle |
| 21:10 | Lorhey · age_up castle |
| 21:23 | wackadoodle · first_building Siege Workshop |
| 21:23 | Jondrin1992 · wall_segment Palisade Wall x1 |
| 21:59 | Lorhey · first_building Siege Workshop |
| 22:08 | Jondrin1992 · age_up castle |
| 22:10 | Jondrin1992 · first_building Siege Workshop |
| 22:11 | HSL | KIRA · age_up castle |
| 22:20 | Mapache · wall_segment Stone Wall x1 |
| 23:23 | wackadoodle · wall_segment Stone Wall x5 |
| 23:24 | wackadoodle · wall_segment Stone Wall x1 |
| 23:26 | wackadoodle · wall_segment Stone Wall x1 |
| 23:31 | Mapache · age_up castle |
| 23:40 | Mapache · first_building Castle |
| 23:42 | RoonTheEternal · age_up castle |
| 24:23 | wackadoodle · first_building Castle |
| 25:06 | wackadoodle · wall_segment Stone Wall x4 |
| 25:15 | shn_07 · first_building Barracks |
| 25:33 | wackadoodle · wall_segment Stone Wall x13 |
| 25:38 | wackadoodle · first_market_buy 100 stone |
| 25:39 | Lorhey · first_building Monastery |
| 25:50 | shn_07 · first_building Stable |
| 25:56 | wackadoodle · wall_segment Stone Wall x18 |
| 26:05 | wackadoodle · wall_segment Stone Wall x4 |
| 26:22 | RBase96 · first_market_buy 100 food |
| 26:40 | wackadoodle · wall_segment Stone Wall x1 |
| 26:42 | wackadoodle · wall_segment Stone Wall x2 |
| 26:43 | wackadoodle · wall_segment Stone Wall x1 |
| 26:44 | wackadoodle · wall_segment Stone Wall x1 |
| 27:29 | wackadoodle · wall_segment Stone Wall x6 |
| 27:38 | RBase96 · first_building Castle |
| 28:01 | shn_07 · first_building Siege Workshop |
| 28:08 | RBase96 · first_market_sell 500 wood |
| 28:17 | wackadoodle · wall_segment Stone Wall x6 |
| 28:30 | shn_07 · first_building Castle |
| 28:49 | Lorhey · first_building Castle |
| 29:35 | Mapache · first_market_buy 100 stone |
| 29:59 | Mapache · wall_segment Stone Wall x8 |
| 30:00 | Jondrin1992 · first_building Castle |
| 30:07 | Mapache · wall_segment Stone Wall x2 |
| 30:15 | Mapache · first_market_sell 100 wood |
| 30:21 | Mapache · wall_segment Stone Wall x8 |
| 30:25 | Mapache · wall_segment Stone Wall x2 |
| 30:26 | wackadoodle · wall_segment Stone Wall x7 |
| 30:28 | Mapache · wall_segment Stone Wall x14 |
| 30:30 | Lorhey · age_up imperial |
| 31:19 | RoonTheEternal · wall_segment Palisade Wall x1 |
| 31:47 | RBase96 · age_up imperial |
| 31:51 | shn_07 · age_up imperial |
| 33:00 | wackadoodle · first_market_sell 500 food |
| 34:02 | wackadoodle · wall_segment Stone Wall x1 |
| 34:07 | Mapache · wall_segment Stone Wall x2 |
| 34:37 | wackadoodle · first_building Barracks |
| 35:45 | wackadoodle · first_building Archery Range |
| 35:51 | wackadoodle · first_building Stable |
| 36:01 | wackadoodle · wall_segment Stone Wall x1 |
| 36:24 | wackadoodle · age_up imperial |
| 36:54 | HSL | KIRA · first_building Monastery |
| 37:45 | Jondrin1992 · wall_segment Stone Wall x43 |
| 37:47 | Jondrin1992 · wall_segment Stone Wall x3 |
| 38:03 | Mapache · wall_segment Stone Wall x3 |
| 39:10 | HSL | KIRA · first_building Castle |
| 39:12 | wackadoodle · wall_segment Stone Wall x1 |
| 39:13 | Mapache · age_up imperial |
| 39:48 | RoonTheEternal · first_building Monastery |
| 40:23 | HSL | KIRA · age_up imperial |
| 40:39 | RoonTheEternal · first_building Castle |
| 41:03 | HSL | KIRA · first_market_sell 100 food |
| 41:11 | RoonTheEternal · tribute_sent a jugador 1 |
| 41:11 | RoonTheEternal · tribute_sent a jugador 2 |
| 41:11 | RoonTheEternal · tribute_sent a jugador 3 |
| 41:11 | RoonTheEternal · tribute_sent a jugador 4 |
| 41:11 | RoonTheEternal · tribute_sent a jugador 5 |
| 41:11 | RoonTheEternal · tribute_sent a jugador 6 |
| 41:11 | RoonTheEternal · tribute_sent a jugador 8 |
| 41:30 | wackadoodle · wall_segment Stone Wall x1 |
| 41:59 | Mapache · first_building Siege Workshop |
| 42:54 | RoonTheEternal · wall_segment Stone Wall x11 |
| 42:57 | RoonTheEternal · wall_segment Stone Wall x20 |
| 43:39 | wackadoodle · wall_segment Stone Wall x9 |
| 43:47 | RoonTheEternal · age_up imperial |
| 44:23 | Jondrin1992 · age_up imperial |
| 46:26 | wackadoodle · wall_segment Stone Wall x16 |
| 47:11 | wackadoodle · wall_segment Stone Wall x14 |
| 50:24 | RBase96 · resign |
[ AI ANALYSIS · 1 CREDIT ]
What really happened in this match?
Wolo.gg analyzes every decision: build order, eco, micro, common mistakes by bracket. Personalized analysis on WhatsApp or Discord in 30 seconds.
Civ guide
Persians
Perfil
Jugador #189537